 Dungeon Crawl Stone Soup version 0.31-a0-1597-ge7908ec95f (webtiles) character file.

Game seed: 5210925307317770573

725 Ge0ff the Apothecary (level 7, -1/48 HPs)
             Began as a Vampire Alchemist on Jan 7, 2024.
             Was a Follower of Vehumet.
             Shot with an arrow by a centaur (10 damage)
             ... on level 5 of the Dungeon.
             The game lasted 00:07:21 (4481 turns).

Ge0ff the Apothecary (Vampire Alchemist)            Turns: 4481, Time: 00:07:22

Health: -1/48      AC:  2    Str:  7    XL:     7   Next: 43%
Magic:  12/12      EV: 12    Int: 20    God:    Vehumet [*.....]
Gold:   231        SH:  0    Dex: 14    Spells: 2/13 levels left

rFire   . . .        a - +0 short sword
rCold   . . .        (no shield)
rNeg    . . .        M - +0 robe
rPois   .            (no helmet)
rElec   .            (no cloak)
rCorr   .            (no gloves)
SInv    +            (no boots)
Will    +....        (no amulet)
Stlth   ++           G - ring of willpower
HPRegen 0.48/turn    (no ring)
MPRegen 0.13/turn

%: no passive effects
@: healing quickly
A: alive, fangs 3, see invisible, vampiric 2
a: Exsanguinate, Renounce Religion


You were on level 5 of the Dungeon.
You worshipped Vehumet.
Vehumet was aware of your devotion.
You visited 1 branch of the dungeon, and saw 5 of its levels.

You collected 231 gold pieces.

Inventory:

Hand Weapons
 a - a +0 short sword (weapon)
 A - a +0 morningstar of distortion
Missiles
 g - a throwing net {=F}
 J - 8 boomerangs
 L - 25 stones
Armour
 M - a +0 robe (worn)
Jewellery
 G - a ring of willpower (left hand)
 W - an amulet of faith
Wands
 s - a wand of mindburst (4)
Scrolls
 C - a scroll of poison
 D - a scroll of enchant weapon {unknown}
 E - a scroll of fear
 F - a scroll of fog
 Q - a scroll of vulnerability {unknown}
 T - 2 scrolls of teleportation
 U - a scroll of immolation {unknown}
 X - a scroll of brand weapon {unknown}
 Z - 2 scrolls of amnesia {unknown}
Potions
 B - a potion of attraction {unknown}
 H - 2 potions of enlightenment {unknown}
 I - 2 potions of lignification {unknown}
 K - a potion of magic {!q}
 N - 4 potions of curing {unknown}
 O - a potion of heal wounds {unknown}
 P - a potion of cancellation {unknown}
 S - a potion of invisibility {unknown}
 V - a potion of berserk rage {unknown}
 Y - 3 potions of ambrosia {unknown}


   Skills:
 - Level 1.0 Fighting
 - Level 2.1 Dodging
 - Level 3.0 Stealth
 + Level 3.6 Spellcasting
 - Level 3.0 Conjurations
 + Level 3.6 Air Magic
 + Level 4.8 Alchemy
 + Level 2.9 Evocations


You had 2 spell levels left.
You knew the following spells:

 Your Spells              Type           Power      Damage    Failure   Level
f - Mephitic Cloud        Conj/Alch/Air  18%        N/A       9%          3
g - Apportation           Tloc           6%         N/A       14%         1
k - Sting                 Conj/Alch      76%        1d7       2%          1
r - Olgreb's Toxic Radia  Alch           22%        N/A       19%         4
C - Mercury Vapours       Alch/Air       40%        N/A       3%          2

Your spell library contained the following spells:

 Spells                   Type           Power      Damage    Failure   Level
 Shock                    Conj/Air       64%        1d7       3%          1
 Freeze                   Ice            12%        1d3       14%         1
 Jinxbite                 Hex            6%         N/A       21%         2
 Hailstorm                Conj/Ice       9%         3d6       22%         3
 Frozen Ramparts          Ice            6%         1d1       38%         3
 Ozocubu's Armour         Ice            3%         N/A       38%         3
 Sticky Flame             Fire/Alch      13%        2d5       45%         4
 Alistair's Intoxication  Alch           14%        N/A       45%         5
 Metabolic Englaciation   Hex/Ice        1%         N/A       98%         5
 Sculpt Simulacrum        Ice/Alch       6%         N/A       100%        6


Dungeon Overview and Level Annotations

Branches:
Dungeon (5/15) Zot: 25483
 Temple: D:4-7

Altars:
Kikubaaqudgha
Okawaru
Ru
Sif Muna
Vehumet
Yredelemnul

Shops:
D:4 [


Innate Abilities, Weirdness & Mutations

Your natural rate of healing is accelerated.
You have razor-sharp teeth.
You have supernaturally acute eyesight. (SInv)
You are afflicted with vampirism and can become a bat while bloodless.


Message History

Vehumet accepts your kill.
You can now gain magical power from killing.
Vehumet offers you knowledge of Shock.
Casting: Sting (safe; 2% risk of failure)
Confirm with . or Enter, or press ? or * to list all spells.
Aiming: Sting (safe; 2% risk of failure)
Press: ? - help, Shift-Dir - straight line, f - ufetubus
Aim: an ufetubus (57% to hit)
The sting hits the ufetubus.
The ufetubus is poisoned.
The ufetubus is lightly wounded.
The ufetubus slips past you! The ufetubus closely misses you.
The ufetubus misses you.
Casting: Sting (safe; 2% risk of failure)
Confirm with . or Enter, or press ? or * to list all spells.
Aiming: Sting (safe; 2% risk of failure)
Press: ? - help, Shift-Dir - straight line, f/p - ufetubus
Aim: an ufetubus (lightly wounded, poisoned, 57% to hit)
The sting hits the ufetubus.
The ufetubus looks even sicker.
The ufetubus is severely wounded.
The ufetubus hits you but does no damage.
The ufetubus hits you.
Casting: Sting (safe; 2% risk of failure)
Confirm with . or Enter, or press ? or * to list all spells.
Aiming: Sting (safe; 2% risk of failure)
Press: ? - help, Shift-Dir - straight line, f/p - ufetubus
Aim: an ufetubus (severely wounded, very poisoned, 57% to hit)
The sting hits the ufetubus.
The ufetubus looks even sicker.
You kill the ufetubus!
Vehumet accepts your kill.
Casting: Sting (safe; 2% risk of failure)
Confirm with . or Enter, or press ? or * to list all spells.
You can't see any susceptible monsters within range! (Use Z to cast anyway.)
Casting: Sting (safe; 2% risk of failure)
Confirm with . or Enter, or press ? or * to list all spells.
You can't see any susceptible monsters within range! (Use Z to cast anyway.) HP restored.
Magic restored.
Found a scale mail.
L - 25 stones (gained 4)
A centaur comes into view.
Found a scale mail.
Found a scroll of fear.
The centaur shouts!
The centaur wields a +0 shortbow.
The centaur shoots an arrow.
The arrow hits you.
The centaur shoots an arrow.
The arrow hits you!
The centaur shoots an arrow.
The arrow hits you!
The centaur shoots an arrow.
The arrow hits you!
* * * LOW HITPOINT WARNING * * *
The centaur shoots an arrow.
The arrow hits you!
You die...

...#.......#
.###...)...# #..
...........# #..
...........# #.#
....#)#....# #.# # .#
....#.#..#.## ##.#?# ..#
......#.....###..#.#...#
#.#.....#..<.#...≈c≈...#
#.#.....###..#..@≈≈≈...#
#.#.....# #..#......[..#
#.#.....# ##....!......#
........# #.>..........
#.......# #######....##
........# ##..#
#......## #.# #.[....#
.# #......#


You could see a centaur.

Vanquished Creatures
  Sigmund (D:3)
  Menkaure (D:5)
  A water moccasin (D:5)
  An ogre (D:5)
  A phantom (D:5)
  2 hounds
  An iguana (D:5)
  2 adders
  2 shadow imps
  2 ufetubi (D:5)
  4 orcs (D:5)
  2 bats (D:1)
  11 endoplasms
  2 giant cockroaches
  7 goblins
  6 hobgoblins
  3 jackals (D:1)
  4 kobolds
  2 quokkas
  5 ball pythons (D:4)
  A frilled lizard (D:3)
  3 rats
64 creatures vanquished.

Notes
Turn   | Place    | Note
-------+----------+-------------------------------------------
     0 | D:1      | Ge0ff the Vampire Alchemist began the quest for the Orb.
     0 | D:1      | Reached XP level 1. HP: 13/13 MP: 3/3
   106 | D:1      | Reached skill level 1 in Conjurations
   329 | D:1      | Reached XP level 2. HP: 19/19 MP: 5/5
  1136 | D:2      | Reached skill level 4 in Alchemy
  1308 | D:2      | Gained mutation: You are afflicted with vampirism and can
                  | become a bat while bloodless. [Vampire growth]
  1308 | D:2      | Reached XP level 3. HP: 24/24 MP: 4/6
  2330 | D:3      | Noticed Sigmund
  2343 | D:3      | Killed Sigmund
  2344 | D:3      | Reached skill level 1 in Fighting
  2344 | D:3      | Reached skill level 1 in Evocations
  2344 | D:3      | Reached XP level 4. HP: 9/32 MP: 2/8
  2344 | D:3      | Reached XP level 5. HP: 11/37 MP: 2/9
  2347 | D:3      | Learned a level 2 spell: Mercury Vapours
  2349 | D:3      | Learned a level 1 spell: Apportation
  2353 | D:3      | Learned a level 3 spell: Mephitic Cloud
  2896 | D:3      | Found a basalt altar of Yredelemnul.
  2903 | D:3      | Found a radiant altar of Vehumet.
  2905 | D:3      | Found an ancient bone altar of Kikubaaqudgha.
  2906 | D:3      | Found a shimmering blue altar of Sif Muna.
  2919 | D:3      | Became a worshipper of Vehumet
  3239 | D:4      | Found Weeduxof's Antique Armour Shop.
  3364 | D:3      | Found a sacrificial altar of Ru.
  3821 | D:4      | Reached skill level 1 in Air Magic
  3905 | D:5      | Entered Level 5 of the Dungeon
  3932 | D:5      | Noticed Menkaure
  3937 | D:5      | Killed Menkaure
  3938 | D:5      | Reached XP level 6. HP: 43/43 MP: 10/10
  3965 | D:5      | Learned a level 4 spell: Olgreb's Toxic Radiance
  4135 | D:5      | Found an iron altar of Okawaru.
  4139 | D:5      | Reached XP level 7. HP: 48/48 MP: 8/11
  4396 | D:5      | Reached * piety under Vehumet
  4396 | D:5      | Offered knowledge of Shock by Vehumet.
  4481 | D:5      | Shot with an arrow by a centaur

Illustrated notes

Levels and vault maps discovered:
D:1:      elethiomel_arrival_quiet, layout_basic, serial_bayou_pond_e,
          serial_bayou_crossing
D:2:      layout_basic
D:3:      layout_loops_ring, elyvilon_altar_5, nicolae_overflow_hidden_temple,
          chequers_temple_overflow_minitemple, moated_statue, uniq_sigmund
D:4:      layout_loops_cross, serial_bayou, serial_bayou_shore_a,
          serial_bayou_pond_e, serial_bayou_ford_a, serial_bayou_shore_b,
          serial_bayou_pond_d, serial_bayou_shore_b, serial_shops, shop,
          kennysheep_generic_room_10
D:5:      layout_basic, kennysheep_okawaru_gauntlet, kb_lookout_dungeons_type,
          uniq_menkaure

Skill      XL: |  1  2  3  4  5  6 |
---------------+-------------------+-----
Conjurations   | 1 2 3 |  3.0
Alchemy        | 4 |  4.8
Spellcasting   | 3 |  3.6
Fighting       | 1 |  1.0
Evocations     | 1 2 |  2.9
Air Magic      | 2 3 |  3.6
Dodging        | |  2.1
Stealth        | |  3.0

Action                     |  1- 3 |  4- 6 |  7- 9 || total
---------------------------+-------+-------+-------++-------
  Melee: Short sword       |    16 |     1 |       ||    17
         Bite              |     2 |       |       ||     2
  Throw: Boomerang         |       |       |     3 ||     3
   Cast: Sting             |    62 |    49 |    15 ||   126
  Evoke: Wand              |       |     8 |     2 ||    10
    Use: Scroll            |     1 |       |     4 ||     5
   Stab: Sleeping          |     4 |       |       ||     4
 Armour: Robe              |    13 |     9 |     7 ||    29
  Dodge: Dodged            |    16 |    10 |     5 ||    31

Table legend: (Time is in decaauts)
 A = Elapsed time spent in this place.
 B = Non-inter-level travel time spent in this place.
 C = Inter-level travel time spent in this place.
 D = Time resting spent in this place.
 E = Time spent auto-exploring this place.
 F = Levels seen in this place.
 G = Mean time per level.
                   A        B        C        D        E       F      G
               +--------+--------+--------+--------+--------+-----+--------+
         Total |   4515 |   4316 |    199 |    124 |   3639 |   5 |  903.0 |
       Dungeon |   4515 |   4316 |    199 |    124 |   3639 |   5 |  903.0 |
               +--------+--------+--------+--------+--------+-----+--------+

Top non-repeatable levels by time:
     D:3: 1092 daAuts
     D:1: 1068 daAuts
     D:4: 965 daAuts
     D:2: 832 daAuts
     D:5: 557 daAuts
